 Dungeon Crawl Stone Soup version 0.23.2-40-g277498a001 (webtiles) character file.

Game seed: 17001602532767606053

114 Descartes the Skirmisher (level 5, 0/42 HPs)
             Began as a Formicid Abyssal Knight on Sept 24, 2019.
             Was a Believer of Lugonu.
             Killed by divine providence
             ... invoked by an orc priest
              (14 damage)
             ... on level 3 of the Dungeon.
             The game lasted 00:05:05 (2185 turns).

Descartes the Skirmisher (Formicid Abyssal Knight)  Turns: 2185, Time: 00:05:06

Health: 0/42       AC:  6    Str: 18    XL:     5   Next: 19%
Magic:  7/7        EV: 10    Int: 11    God:    Lugonu [**....]
Gold:   126        SH:  0    Dex: 10    Spells: 4/4 levels left

rFire    . . .     SeeInvis +   a - +1 hand axe
rCold    . . .     Gourm    .   (no shield)
rNeg     . . .     Faith    .   d - +0 scale mail
rPois    .         Spirit   .   (helmet unavailable)
rElec    .         Reflect  .   (no cloak)
rCorr    .         Harm     .   (no gloves)
MR       .....                  (no boots)
Stlth    ..........             (no amulet)
HPRegen  0.14/turn              (no ring)
MPRegen  0.10/turn              (no ring)

@: no status effects
A: permanent stasis, dig shafts and tunnels, four strong arms, antennae 3
a: Dig, Shaft Self, Depart the Abyss, Bend Space, Renounce Religion


You were on level 3 of the Dungeon.
You worshipped Lugonu.
Lugonu was pleased with you.
You were not hungry.

You visited 1 branch of the dungeon, and saw 3 of its levels.
You visited the Abyss 1 time.

You collected 126 gold pieces.

Inventory:

Hand Weapons
 a - a +1 hand axe (weapon)
 g - a +0 trident of freezing
 q - a +0 flail
Missiles
 h - 25 stones (quivered)
Armour
 d - a +0 scale mail (worn)
Scrolls
 b - 4 scrolls of identify {unknown}
 k - a scroll of fear {unknown}
 l - 2 scrolls of remove curse
 n - a scroll of enchant armour {unknown}
 o - a scroll of fog {unknown}
Potions
 e - 4 potions of curing {unknown}
 f - a potion of lignification {unknown}
 i - a potion of berserk rage {unknown}
 j - a potion of magic {unknown}
 p - a potion of degeneration {unknown}
Comestibles
 c - 3 rations
 m - 3 chunks of flesh


   Skills:
 + Level 4.1 Fighting
 + Level 3.1 Axes
 + Level 3.3 Armour
 + Level 1.4 Dodging
 + Level 2.6 Invocations


You had 4 spell levels left.
You didn't know any spells.
Your spell library was empty.

Dungeon Overview and Level Annotations

Branches:
Dungeon (3/15)

Altars:
Dithmenos
Nemelex Xobeh


Innate Abilities, Weirdness & Mutations

You cannot be hasted, slowed, berserked, paralysed or teleported.
You can dig through walls and to a lower floor.
Your four strong arms can wield two-handed weapons with a shield.
You have a pair of large antennae on your head. (SInv)


Message History

You hit the orc.
The orc priest hits you but does no damage.
The orc barely misses you.
You closely miss the orc priest.
The orc priest is severely wounded.
You barely miss the orc.
The orc priest invokes the aid of Beogh against you.
Beogh smites you! The orc barely misses you.
Unknown command.
You hit the orc priest.
The orc priest is severely wounded.
You hit the orc. The orc priest hits you. The orc barely misses you.
You hit the orc priest but do no damage.
The orc priest is severely wounded.
You hit the orc.
The orc priest looks encouraged for a moment.
The orc barely misses you.
The orc priest invokes the aid of Beogh against you.
Beogh smites you!
You die...

.#............... .......
..#.............##.......
)...<....#.....##........
#..÷..#######............
###.†.#...†..............
##.....#####.###)...#
.....##..###..##%...#
.###.........###%.#.#
#........####@...#
#..####.#....oo#.......
...## #.....#.#..###...
#.#. #....##.....## ..
.... #..#.#####.#... #.
..##.# #...##.. .# #.#
##.## # .. #.. .# ..


You could see an orc priest and an orc.

Vanquished Creatures
  A hound (D:2)
  3 adders (D:2)
  2 worms (D:2)
  2 dart slugs (D:1)
  2 orcs (D:3)
  2 ball pythons
  4 giant cockroaches (D:2)
  5 goblins
  6 hobgoblins
  4 jackals (D:3)
  2 bats
  4 frilled lizards
  6 kobolds
  3 rats (D:1)
46 creatures vanquished.

Notes
Turn   | Place    | Note
-------+----------+-------------------------------------------
     0 | Abyss:1  | Descartes the Formicid Abyssal Knight began the quest for
                  | the Orb.
     0 | Abyss:1  | Reached XP level 1. HP: 18/18 MP: 2/2
    87 | Abyss:1  | Found a corrupted altar of Lugonu.
   103 | Abyss:1  | Found a corrupted altar of Lugonu.
   107 | D:1      | Escaped the Abyss
   221 | D:1      | Reached XP level 2. HP: 21/24 MP: 3/3
   701 | D:2      | Reached XP level 3. HP: 21/30 MP: 4/4
   719 | D:2      | Found a shadowy altar of Dithmenos.
  1093 | D:2      | Found a sparkling altar of Nemelex Xobeh.
  1143 | D:2      | Reached XP level 4. HP: 36/37 MP: 5/5
  1240 | D:2      | Reached skill level 1 in Dodging
  1301 | D:2      | Reached skill level 4 in Fighting
  2071 | D:3      | Reached XP level 5. HP: 39/42 MP: 6/6
  2085 | D:3      | Reached ** piety under Lugonu
  2185 | D:3      | Killed from afar by an orc priest

Skill      XL: |  1  2  3  4 |
---------------+-------------+-----
Armour         | 3 |  3.3
Dodging        | 1 |  1.4
Fighting       | 4 |  4.1
Axes           | 3 |  3.1
Invocations    | |  2.6

Action                   |  1- 3 |  4- 6 || total
-------------------------+-------+-------++-------
Melee: Hand axe          |    61 |    57 ||   118
       Trident           |       |    26 ||    26
  Use: Scroll            |     1 |       ||     1
  Eat: Chunk             |       |     4 ||     4
Armor: Scale mail        |    19 |    42 ||    61
Dodge: Dodged            |    29 |    58 ||    87
